 Dungeon Crawl Stone Soup version 0.32-a0-312-g1d7162e751 (webtiles) character file.

Game seed: 17819761218895210642

134 Nattfarinn the Trooper (level 4, -2/37 HPs)
             Began as a Demonspawn Shapeshifter on Feb 15, 2024.
             Slain by an orc
             ... wielding a +0 dagger
              (4 damage)
             ... on level 3 of the Dungeon.
             The game lasted 00:03:34 (2421 turns).

Nattfarinn the Trooper (Demonspawn Shapeshifter)    Turns: 2421, Time: 00:03:34

Health: -2/37      AC:  1    Str: 16    XL:     4   Next: 95%
Magic:  4/4        EV: 12    Int: 11    God:
Gold:   117        SH:  0    Dex: 12    Spells: 3/3 levels left

rFire   . .          .
                       - Unarmed
rCold   . . .        (no shield)
rNeg    . . .        a - +0 animal skin
rPois   +            (helmet currently unavailable)
rElec   .            (cloak currently unavailable)
rCorr   .            (gloves currently unavailable)
SInv    .            (boots currently unavailable)
Will    .....        (no amulet)
Stlth   +            (no ring)
HPRegen 0.26/turn    (no ring)
MPRegen 0.09/turn

%: no passive effects
@: confused, beast-form, attractive, invisible
A: beast (slay +1), horns 1, large bone plates 2, powered by pain 1, deformed
body, poison resistance
a: Begin Untransformation


You were on level 3 of the Dungeon.
You were a hulking beast.
You visited 1 branch of the dungeon, and saw 3 of its levels.

You collected 117 gold pieces.

Inventory:

Hand Weapons
 g - a +1 whip of freezing
 j - a +1 short sword of draining
 o - a +2 short sword of speed
Armour
 a - a +0 animal skin (worn)
 b - a +0 pair of gloves
Talismans
 c - a beast talisman (active)
 d - a flux talisman
 f - a dragon-blood talisman
Scrolls
 h - a scroll of immolation {unknown}
 i - a scroll of teleportation {unknown}
 k - a scroll of fog {unknown}
 l - a scroll of torment {unknown}
 m - a scroll of revelation {unknown}
 q - a scroll of enchant armour {unknown}


   Skills:
 * Level 3.9 Fighting
 - Level 1.7 Dodging
 + Level 3.7 Unarmed Combat
 - Level 2.6 Shapeshifting


You had 3 spell levels left.
You didn't know any spells.
Your spell library contained the following spells:

 Spells                   Type           Power      Damage    Failure   Level
 Foxfire                  Conj/Fire      0%         2x1d4     34%         1
 Sting                    Conj/Alch      0%         1d3       34%         1
 Mercury Vapours          Alch/Air       0%         N/A       47%         2
 Olgreb's Toxic Radiance  Alch           0%         N/A       98%         4
 Plasma Beam              Fire/Air       0%         2x1d10    100%        6
 Starburst                Conj/Fire      0%         6d3       100%        6


Dungeon Overview and Level Annotations

Branches:
Dungeon (3/15)

Altars:
Trog

Shops:
D:2 !


Innate Abilities, Weirdness & Mutations

You are a hulking beast.
Your limbs bulge with bestial killing power. (Slay +1)
You have a pair of small horns on your head.
You are mostly covered in large bone plates. (SH +6)
You sometimes gain a little power by taking damage.
Armour fits poorly on your strangely shaped body.
Your system is resistant to poisons. (rPois)


Message History

It was a potion of mutation.
You feel extremely strange.
Large bone plates spread over more of your arms.
Your body twists and deforms.
You feel resistant to poisons. You block the orc's attack.
It was a potion of invisibility.
You fade into invisibility!
Something barely misses you. The orc barely misses you.
You closely miss the orc. Your headbutt misses the orc.
The orc is lightly wounded.
You hear some strange, mumbled words.
You are confused.
The orc hits you but does no damage.
You hit the rat.
You kill the rat!
It was a potion of attraction.
You feel attractive to monsters.
You hear some strange, mumbled words.
The orc misses you.
You hit the orc. You headbutt the orc.
The orc is heavily wounded.
The orc hits you with a +0 short sword.
You're too confused to move!
You hit something. Something hits you.
* * * LOW HITPOINT WARNING * * *
The orc closely misses you. The orc barely misses you.
You completely miss something. Something hits you.
* * * LOW HITPOINT WARNING * * *
The orc hits you with a +0 short sword.
* * * LOW HITPOINT WARNING * * *
The orc closely misses you.
You bump into the rock wall.
The orc hits you with a +0 short sword.
* * * LOW HITPOINT WARNING * * *
You hear some strange, mumbled words.
You are more confused.
You hit the orc. You headbutt the orc.
You kill the orc!
You hear some strange, mumbled words.
You are more confused.
The orc hits you with a +0 dagger.
You die...

.....................
... #...................
....#.....#.#......#...#
.......................
#.#.....#.##.........#
##.........##..........
#....#.#.####..#.......
#....o.#.####..........
#.o{h#.......#......#
...##.#)#..##........#..
.......).............+..
#...[......##........#..
.....................#..
#.....#.#...............
........#...............
#.....#.#...............
...............#........


You could see 2 orcs.

Vanquished Creatures
  A bombardier beetle (D:3)
  A gnoll (D:1)
  2 ribbon worms (D:2)
  2 dart slugs
  4 orcs
  An endoplasm (D:1)
  4 giant cockroaches
  4 goblins
  2 hobgoblins
  2 quokkas
  3 ball pythons
  6 bats
  2 frilled lizards (D:2)
  7 kobolds
  10 rats
51 creatures vanquished.

Notes
Turn   | Place    | Note
-------+----------+-------------------------------------------
     0 | D:1      | Nattfarinn the Demonspawn Shapeshifter began the quest for
                  | the Orb.
     0 | D:1      | Reached XP level 1. HP: 15/15 MP: 1/1
    77 | D:1      | Gained mutation: You are partially covered in large bone
                  | plates. (SH +4) [demonic ancestry]
    77 | D:1      | Reached XP level 2. HP: 22/22 MP: 2/2
   181 | D:1      | HP: 1/22 [gnoll/+0 club (4)]
   760 | D:1      | Gained mutation: You sometimes gain a little power by
                  | taking damage. [demonic ancestry]
   760 | D:1      | Reached XP level 3. HP: 28/28 MP: 3/3
  1162 | D:2      | Found Ytuluud's Distillery.
  1400 | D:2      | Gained mutation: You have a pair of small horns on your
                  | head. [demonic ancestry]
  1400 | D:2      | Reached XP level 4. HP: 35/35 MP: 4/4
  1572 | D:2      | Found a faded altar of an unknown god.
  2050 | D:3      | Found a bloodstained altar of Trog.
  2411 | D:3      | Gained mutation: You are mostly covered in large bone
                  | plates. (SH +6) [potion of mutation]
  2411 | D:3      | Gained mutation: Armour fits poorly on your strangely
                  | shaped body. [potion of mutation]
  2411 | D:3      | Gained mutation: Your system is resistant to poisons.
                  | (rPois) [potion of mutation]
  2421 | D:3      | Slain by an orc

Illustrated notes

Levels and vault maps discovered:
D:1:      dpeg_arrival_subterranean_lakeside_camping, layout_basic,
          serial_curves, eino_curves_04, eino_curves_02
D:2:      layout_loops_ring, serial_shops, shop,
          shapermc_ecumenical_altar_acropolis, minmay_hedge_maze
D:3:      minmay_diamond_boxcup, layout_basic, nzn_wu_jian_council_hall,
          trog_butcher_becter

Skill      XL: |  1  2  3 |
---------------+----------+-----
Fighting       | 2 3 |  3.9
Unarmed Combat | 3 |  3.7
Dodging        | |  1.7
Shapeshifting  | |  2.6

Action                     |  1- 3 |  4- 6 || total
---------------------------+-------+-------++-------
  Melee: Unarmed           |   231 |    52 ||   283
         Punch             |    12 |       ||    12
         Headbutt          |       |    15 ||    15
    Use: Potion            |     1 |     3 ||     4
   Stab: Sleeping          |     1 |       ||     1
 Armour: Animal skin       |    52 |    24 ||    76
         Skin              |     1 |       ||     1
  Dodge: Dodged            |    56 |    23 ||    79
  Block: Other             |    17 |     5 ||    22

Table legend: (Time is in decaauts)
 A = Elapsed time spent in this place.
 B = Non-inter-level travel time spent in this place.
 C = Inter-level travel time spent in this place.
 D = Time resting spent in this place.
 E = Time spent auto-exploring this place.
 F = Levels seen in this place.
 G = Mean time per level.
                   A        B        C        D        E       F      G
               +--------+--------+--------+--------+--------+-----+--------+
         Total |   2403 |   2358 |     45 |    301 |   1589 |   3 |  801.0 |
       Dungeon |   2403 |   2358 |     45 |    301 |   1589 |   3 |  801.0 |
               +--------+--------+--------+--------+--------+-----+--------+

Top non-repeatable levels by time:
     D:1: 1041 daAuts
     D:2: 833 daAuts
     D:3: 527 daAuts
